 Dungeon Crawl Stone Soup version 0.30-a0-23-ge60ba3568b (webtiles) character file.

Game seed: 9292820286254835957

46 Sobieck the Ruffian (level 3, -1/20 HPs)
             Began as a Vine Stalker Berserker on Aug 25, 2022.
             Was a Follower of Trog.
             Slain by a kobold
             ... wielding a +2 dagger of distortion
              (19 damage)
             ... on level 2 of the Dungeon.
             The game lasted 00:02:39 (1983 turns).

Sobieck the Ruffian (Vine Stalker Berserker)        Turns: 1983, Time: 00:02:39

Health: -1/20      AC:  3    Str: 21    XL:     3   Next: 66%
Magic:  0/4        EV: 12    Int:  7    God:    Trog [*.....]
Gold:   62         SH:  0    Dex: 13    Spells: 2/2 levels left

rFire   . . .      SeeInvis .      - Unarmed
rCold   . . .      Faith    .    (no shield)
rNeg    . . .      Spirit   +    a - +0 animal skin
rPois   .          Reflect  .    (no helmet)
rElec   .          Harm     .    (no cloak)
rCorr   .          Rampage  .    (no gloves)
Will    .....                    d - +0 pair of boots
Stlth   +.........               (no amulet)
HPRegen 0.06/turn                (no ring)
MPRegen 0.09/turn                (no ring)

@: no status effects
A: fangs 2, magic shield, antimagic bite, no potion heal 2
a: Renounce Religion, Berserk


You were on level 2 of the Dungeon.
You worshipped Trog.
Trog was aware of your devotion.
You visited 1 branch of the dungeon, and saw 2 of its levels.

You collected 62 gold pieces.


Innate Abilities, Weirdness & Mutations

You have extremely sharp teeth.
When hurt, damage is shared between your health and your magic reserves.
Your bite disrupts and absorbs the magic of your enemies.
Potions cannot restore your health.


   Skills:
 + Level 3.2 Fighting
 - Level 1.5 Armour
 - Level 1.5 Dodging
 * Level 4.1 Unarmed Combat


You had 2 spell levels left.
You didn't know any spells.
Your spell library contained the following spells:

 Spells                   Type           Power      Damage    Failure   Level
 Static Discharge         Conj/Air       0%         3-3/arc   56%         2
 Ozocubu's Armour         Ice            0%         N/A       80%         3
 Lightning Bolt           Conj/Air       0%         1d11      100%        5
 Ozocubu's Refrigeration  Ice            0%         4d7       100%        7
 Maxwell's Capacitive Co  Air            0%         ∞         100%        8

Inventory:

Missiles
 h - 28 stones (quivered) {throwing}
Armour
 a - a +0 animal skin (worn)
 d - a +0 pair of boots (worn)
   (You found it on level 1 of the Dungeon)
 f - a +0 robe
   (You found it on level 1 of the Dungeon)
 g - a +0 chain mail
   (You found it on level 1 of the Dungeon)
 j - a +0 plate armour
   (You found it on level 1 of the Dungeon)
 k - a +0 scale mail
   (You found it on level 1 of the Dungeon)
 m - a +0 robe
   (You found it on level 1 of the Dungeon)
 q - a +2 leather armour of poison resistance
   (You found it on level 2 of the Dungeon)
Scrolls
 b - a scroll of teleportation {unknown}
 e - a scroll of identify {unknown}
 n - a scroll of magic mapping {unknown}
 p - a scroll of enchant armour {unknown}
Potions
 c - a potion of brilliance {unknown}
 i - a potion of degeneration {unknown}
 l - a potion of heal wounds {unknown}
 o - a potion of ambrosia {unknown}
 r - a potion of berserk rage {unknown}

Dungeon Overview and Level Annotations

Branches:
Dungeon (2/15) Zot: 10017

Altars:
Makhleb

#.##......#.#...#.#..
#.##...#...#.....#...
#.##....#..#.....#..#
#....#...###.....###.
##.#..#..#..#...#..#.
#.#...###...#.#...##
#.#..#...#...#...#..
#.#.#.....#..#..#...
#.#@.......#####....
#.#K#.....#..#..#...
#.#..#...#...#...#..
#.#...###...#.#...##
...#. #..#...#..#.
..#...###.....###.
.... #. #.....#..#
#....# ..#.....#...
#.#...#.#..


You could see a kobold.


Message History

You hit the hobgoblin but do no damage.
The hobgoblin hits you but does no damage.
You hit the hobgoblin. The hobgoblin closely misses you.
You hit the hobgoblin.
You kill the hobgoblin!
Trog accepts your kill.
No target in view!
No target in view!
p - a scroll labelled SIZ NARUGE
Found a stone staircase leading up.
Unknown command.
Found a stone staircase leading down.
Unknown command.
There is a stone staircase leading down here.
There is a stone staircase leading down here.
A ball python comes into view.
Danger!
The ball python hisses angrily.
You hit the ball python.
You kill the ball python!
Trog accepts your kill.
No target in view!
Found a stone staircase leading up.
Unknown command.
h - 28 stones {throwing} (gained 6)
q - a +2 leather armour of poison resistance Unknown command.
A bat comes into view.
Danger!
A bat is nearby!
You barely miss the bat. The bat closely misses you. The bat barely misses you.
The bat hits you but does no damage.
You enter the shallow water.
Moving in this stuff is going to be slow.
The bat completely misses you.
You hit the bat but do no damage. The bat barely misses you.
The bat hits you but does no damage. x2
The bat barely misses you. The bat closely misses you.
You miss the bat. You bite the bat. You drain its power.
The bat closely misses you.
Your unstable footing causes you to fumble your attack.
The bat hits you but does no damage.
Your unstable footing causes you to fumble your attack.
The bat misses you. The bat hits you but does no damage. The bat hits you.
The bat barely misses you. The bat closely misses you.
You hit the bat.
You kill the bat!
Trog accepts your kill.
No target in view!
No target in view!
r - a fizzy pink potion You see here a bat corpse.
You open the large door.
An adder comes into view.
Danger!
A goblin comes into view. It is wielding a +0 dagger.
There is a large open door here.
The adder hisses angrily.
The goblin shouts!
The adder closely misses you.
You hit the adder. The goblin misses you. The adder closely misses you.
You hit the adder. Your bite misses the adder.
The goblin hits you with a +0 dagger. The adder bites you.
You hit the adder.
You kill the adder!
Trog accepts your kill. The goblin hits you with a +0 dagger.
Your Unarmed Combat skill increases to level 4!
You hit the goblin.
You kill the goblin!
Trog accepts your kill.
No target in view!
No target in view!
No target in view!
Things that are here:
a +0 dagger {short}; a goblin corpse You open the large door.
There is a large open door here.
You open the large door.
There is a large open door here.
You open the large door.
There is a large open door here.
A dart slug is nearby!
Danger!
You hit the dart slug.
You bite the dart slug, but do no damage.
You hit the dart slug but do no damage. You bite the dart slug.
You drain its power. The dart slug bites you.
You hit the dart slug but do no damage. The dart slug bites you.
You hit the dart slug. You hit the dart slug.
You kill the dart slug!
Trog accepts your kill.
No target in view!
No target in view!
A kobold comes into view.
It is wielding a +2 dagger of distortion.
Danger!
The kobold hits you with a +2 dagger of distortion.
Space warps horribly around you!!
Ouch! That really hurt!
You die...

Skill      XL: |  1  2  3 |
---------------+----------+-----
Fighting       | 3 |  3.2
Unarmed Combat | 4 |  4.1
Armour         | |  1.5
Dodging        | |  1.5

Action                   || total
-------------------------++-------
Melee: Unarmed           ||    65
       Bite              ||    10
       Punch             ||     1
 Stab: Sleeping          ||     1
Armor: Animal skin       ||    18
Dodge: Dodged            ||    37

Levels and vault maps discovered:
D:1:      minmay_arrival_split_and_join, layout_basic,
          ebering_ecumenical_altar_box, minmay_tromino_v4_b
D:2:      kennysheep_the_goblin_king, layout_loops_ring, basic_altar,
          serial_bayou_pond_a, minmay_splitting_lines,
          kennysheep_generic_room_12, uniq_crazy_yiuf_cottage, uniq_terence

Notes
Turn   | Place    | Note
-------+----------+-------------------------------------------
     0 | D:1      | Sobieck the Vine Stalker Berserker began the quest for the
                  | Orb.
     0 | D:1      | Reached XP level 1. HP: 11/11 MP: 2/2
   315 | D:1      | You add the spells Ozocubu's Armour and Ozocubu's
                  | Refrigeration to your library.
   420 | D:1      | Reached XP level 2. HP: 8/16 MP: 1/3
   924 | D:1      | Found a faded altar of an unknown god.
   931 | D:1      | You pick up a book of Lightning {forbidden} and begin
                  | reading...
   931 | D:1      | You add the spells Static Discharge, Lightning Bolt and
                  | Maxwell's Capacitive Coupling to your library.
  1178 | D:1      | Reached skill level 3 in Fighting
  1500 | D:2      | Found a burning altar of Makhleb.
  1556 | D:2      | Reached XP level 3. HP: 20/20 MP: 4/4
  1808 | D:2      | Reached skill level 4 in Unarmed Combat
  1983 | D:2      | Slain by a kobold

Vanquished Creatures
  2 adders (D:2)
  A dart slug (D:2)
  2 ball pythons
  4 endoplasms
  A giant cockroach (D:2)
  2 goblins
  3 hobgoblins
  3 jackals (D:1)
  2 bats
  A kobold (D:1)
  3 rats
24 creatures vanquished.

Vanquished Creatures (others)
  3 plants (D:2)
3 creatures vanquished.

Grand Total: 27 creatures vanquished

Table legend:
 A = Non-vault XP
 B = Vault XP
 C = Vault XP percentage of total XP
 D = Non-vault monster count
 E = Vault monster count
 F = Vault count percentage of total count
                 A         B        C        D         E       F
            +---------+---------+-------+---------+---------+-------
      Total |      51 |      15 |  22.7 |      21 |       3 |  12.5
            +---------+---------+-------+---------+---------+-------
        D:1 |      22 |       2 |   8.3 |      12 |       2 |  14.3
        D:2 |      29 |      13 |  31.0 |       9 |       1 |  10.0
            +---------+---------+-------+---------+---------+-------

Illustrated notes

Table legend:
 A = Kills in this place as a percentage of kills in entire the game.
 B = Kills by you in this place as a percentage of kills by you in the entire game.
 C = Kills by friends in this place as a percentage of kills by friends in the entire game.
 D = Other kills in this place as a percentage of other kills in the entire game.
 E = Experience gained in this place as a percentage of experience gained in the entire game.
 F = Experience gained in this place divided by the number of levels of this place that you have seen.
                   A       B       C       D       E      F
               +-------+-------+-------+-------+-------+----------------------
         Total | 100.0 | 100.0 |   N/A |   N/A | 100.0 |  33.0
       Dungeon | 100.0 | 100.0 |   N/A |   N/A | 100.0 |  33.0
               +-------+-------+-------+-------+-------+----------------------

Table legend: (Time is in decaauts)
 A = Elapsed time spent in this place.
 B = Non-inter-level travel time spent in this place.
 C = Inter-level travel time spent in this place.
 D = Time resting spent in this place.
 E = Time spent auto-exploring this place.
 F = Levels seen in this place.
 G = Mean time per level.
                   A        B        C        D        E       F      G
               +--------+--------+--------+--------+--------+-----+--------+
         Total |   1981 |   1923 |     58 |    327 |   1410 |   2 |  990.5 |
       Dungeon |   1981 |   1923 |     58 |    327 |   1410 |   2 |  990.5 |
               +--------+--------+--------+--------+--------+-----+--------+

Top non-repeatable levels by time:
     D:1: 1259 daAuts
     D:2: 722 daAuts
